 Dungeon Crawl Stone Soup version 0.28.0-43-g3370ac3207 (webtiles) character file.

Game seed: 11608202652998254668

185 Zeld the Gusty (level 5, 0/28 HPs)
             Began as a Tengu Air Elementalist on Mar 29, 2022.
             Was a Follower of Vehumet.
             Slain by a wyvern (19 damage)
             ... on level 4 of the Dungeon.
             The game lasted 00:06:22 (4374 turns).

Zeld the Gusty (Tengu Air Elementalist)             Turns: 4374, Time: 00:06:23

Health: 0/28       AC:  2    Str:  8    XL:     5   Next: 64%
Magic:  3/10       EV: 15    Int: 18    God:    Vehumet [*.....]
Gold:   153        SH:  0    Dex: 14    Spells: 0/10 levels left

rFire   . . .      SeeInvis .   (no weapon)
rCold   . . .      Faith    .   (no shield)
rNeg    . . .      Spirit   .   a - +0 robe
rPois   .          Reflect  .   (helmet restricted)
rElec   .          Harm     .   (no cloak)
rCorr   .          Rampage  .   (no gloves)
Will    .....                   (boots unavailable)
Stlth   ++........              (no amulet)
HPRegen 0.09/turn               (no ring)
MPRegen 0.12/turn               (no ring)

@: swift, flying quickly and evasively, very quick
A: beak, talons 3, nimble flight
a: Renounce Religion


You were on level 4 of the Dungeon.
You worshipped Vehumet.
Vehumet was aware of your devotion.
You visited 1 branch of the dungeon, and saw 4 of its levels.

You collected 153 gold pieces.

Inventory:

Armour
 a - a +0 robe (worn)
Scrolls
 b - a scroll of enchant armour {unknown}
 d - a scroll of fear {unknown}
 e - a scroll of torment {unknown}
 i - 2 scrolls of magic mapping {unknown}
 j - a scroll of identify {unknown}
 k - a scroll of amnesia {unknown}
 m - a scroll of vulnerability {unknown}
 n - 2 scrolls of teleportation {unknown}
 o - a scroll of immolation {unknown}
 p - a scroll of silence {unknown}
 r - a scroll of noise {unknown}
Potions
 c - a potion of brilliance {unknown}
 f - a potion of lignification {unknown}
 g - a potion of ambrosia {unknown}
 h - 2 potions of cancellation {unknown}
 l - 3 potions of heal wounds {unknown}
 q - a potion of mutation {unknown}


   Skills:
 - Level 3.0 Dodging
 + Level 2.8 Stealth
 * Level 3.2 Spellcasting
 + Level 3.0 Conjurations
 * Level 5.5 Air Magic


You couldn't memorise any spells.
You knew the following spells:

 Your Spells              Type           Power      Damage    Failure   Level
a - Shock                 Conj/Air       72%        1d7       2%          1
b - Static Discharge      Conj/Air       18%        N/A       4%          2
c - Swiftness             Air            22%        N/A       4%          3
d - Airstrike             Air            11%        N/A       16%         4

Your spell library contained the following spells:

 Spells                   Type           Power      Damage    Failure   Level
 Foxfire                  Conj/Fire      32%        2x1d5     9%          1
 Magic Dart               Conj           52%        1d5       4%          1
 Searing Ray              Conj           26%        2d5       7%          2
 Fulminant Prism          Conj/Hex       4%         3d6       65%         4


Dungeon Overview and Level Annotations

Branches:
Dungeon (4/15)
 Temple: D:4-7

Altars:
Dithmenos
Nemelex Xobeh
Qazlal
Vehumet


Innate Abilities, Weirdness & Mutations

You have a beak for a mouth.
You have claws for feet.
Your magical nature lets you fly swiftly and evasively.


Message History

Confirm with . or Enter, or press ? or * to list all spells.
The spell is quite dangerous to miscast (4% risk of failure)!
Continue anyway?
You feel quick.
There is an open door here.
The wyvern bites you!
Casting: Swiftness (quite dangerous; 4% risk of failure)
Confirm with . or Enter, or press ? or * to list all spells.
Aiming: Shock (safe; 2% risk of failure)
Press: ? - help, Shift-Dir - straight line, f - wyvern
Aim: a wyvern (71% to hit)
The zap hits the wyvern.
The wyvern is lightly wounded.
The wyvern misses you.
Unknown command.
Casting: Shock (safe; 2% risk of failure)
Confirm with . or Enter, or press ? or * to list all spells.
Aiming: Shock (safe; 2% risk of failure)
Press: ? - help, Shift-Dir - straight line, f/p - wyvern
Aim: a wyvern (lightly wounded, 71% to hit)
The zap hits the wyvern.
The wyvern is lightly wounded.
The wyvern closely misses you. The wyvern misses you.
Unknown command.
Casting: Shock (safe; 2% risk of failure)
Confirm with . or Enter, or press ? or * to list all spells.
Aiming: Shock (safe; 2% risk of failure)
Press: ? - help, Shift-Dir - straight line, f/p - wyvern
Aim: a wyvern (lightly wounded, 71% to hit)
The zap hits the wyvern but does no damage.
The wyvern is lightly wounded.
The wyvern bites you but does no damage.
Unknown command.
Casting: Shock (safe; 2% risk of failure)
Confirm with . or Enter, or press ? or * to list all spells.
The wyvern is struck by an arc of lightning.
The wyvern is moderately wounded.
You are struck by an arc of lightning.
The lightning grounds out.
The wyvern barely misses you. The wyvern bites you!!
Ouch! That really hurt!
You die...

###### #....#
#....#########
#...@l.......#
#....#######.#
#....# #.#
#....# ...
##<### .....
### .......
#.......#
#.......#
#.......#


You could see a wyvern.

Vanquished Creatures
  An orc wizard (D:3)
  7 adders
  4 worms
  3 dart slugs
  8 orcs (D:3)
  4 ball pythons
  4 endoplasms
  4 giant cockroaches
  7 goblins
  4 hobgoblins (D:2)
  7 jackals (D:3)
  3 kobolds
  3 quokkas
  4 bats
  3 frilled lizards
  3 rats
  A spectral hobgoblin (D:1)
70 creatures vanquished.

Vanquished Creatures (others)
  2 plants (D:3)
2 creatures vanquished.

Grand Total: 72 creatures vanquished

Notes
Turn   | Place    | Note
-------+----------+-------------------------------------------
     0 | D:1      | Zeld the Tengu Air Elementalist began the quest for the
                  | Orb.
     0 | D:1      | Reached XP level 1. HP: 10/10 MP: 4/4
   104 | D:1      | Found a faded altar of an unknown god.
   225 | D:1      | Reached XP level 2. HP: 4/15 MP: 0/6
   228 | D:1      | Learned a level 2 spell: Static Discharge
  1243 | D:2      | Reached XP level 3. HP: 19/19 MP: 0/7
  1247 | D:2      | Learned a level 3 spell: Swiftness
  2580 | D:2      | Reached XP level 4. HP: 19/24 MP: 4/9
  3100 | D:3      | Found a radiant altar of Vehumet.
  3116 | D:3      | Found a stormy altar of Qazlal.
  3116 | D:3      | Found a sparkling altar of Nemelex Xobeh.
  3116 | D:3      | Found a shadowy altar of Dithmenos.
  3121 | D:3      | Reached skill level 5 in Air Magic
  3137 | D:3      | Became a worshipper of Vehumet
  3349 | D:3      | Gained mutation: Your magical nature lets you fly swiftly
                  | and evasively. [Tengu growth]
  3349 | D:3      | Reached XP level 5. HP: 28/28 MP: 8/10
  3568 | D:3      | Learned a level 4 spell: Airstrike
  4275 | D:3      | Reached * piety under Vehumet
  4275 | D:3      | Offered knowledge of Foxfire by Vehumet.
  4360 | D:4      | Noticed a wyvern
  4374 | D:4      | Slain by a wyvern

Illustrated notes

Levels and vault maps discovered:
D:1:      ncdulo_smallfort, layout_loops_ring,
          dreamdust_ecumenical_altar_drowned_temple, minmay_vboxes
D:2:      kennysheep_six_static_rooms, layout_basic
D:3:      layout_loops_ring, mainiacjoe_overflow_six_doors_small,
          gammafunk_temple_overflow_forgotten
D:4:      layout_basic, nicolae_wu_jian_wuxing_cycle, gammafunk_ghost_necromancy

Skill      XL: |  1  2  3  4  5 |
---------------+----------------+-----
Conjurations   | 2 3 |  3.0
Air Magic      | 5 |  5.5
Spellcasting   | 3 |  3.2
Dodging        | 3 |  3.0
Stealth        | |  2.8

Action                   |  1- 3 |  4- 6 || total
-------------------------+-------+-------++-------
Melee: Unarmed           |    17 |     3 ||    20
       Kick              |     8 |     1 ||     9
       Peck              |     4 |     2 ||     6
 Cast: Shock             |    60 |    76 ||   136
       Static Discharge  |     6 |     1 ||     7
       Airstrike         |       |     3 ||     3
       Swiftness         |       |     1 ||     1
Armor: Robe              |     6 |     5 ||    11
Dodge: Dodged            |    31 |    23 ||    54
